 Dungeon Crawl Stone Soup version 0.22.1-1-ga44c0e5 (webtiles) character file.

1799 Larett the Fighter (level 8, -6/81 (82) HPs)
             Began as a Minotaur Berserker on Sept 25, 2018.
             Was an Elder of Trog.
             Mangled by a vampire (10 damage)
             ... on level 8 of the Dungeon.
             The game lasted 00:17:55 (7588 turns).

Larett the Fighter (Minotaur Berserker)             Turns: 7588, Time: 00:17:56

HP:   -6/81 (82)    AC:  4    Str: 23    XL:     8   Next: 83%
MP:   7/7           EV:  9    Int:  4    God:    Trog [****..]
Gold: 99            SH: 18    Dex: 11    Spells: 7/7 levels left

rFire    . . .     SeeInvis .   a - +0 hand axe
rCold    . . .     Gourm    .   V - +0 large shield
rNeg     . . .     Faith    .   W - +2 animal skin
rPois    .         Spirit   .   (helmet restricted)
rElec    .         Reflect  +   (no cloak)
rCorr    .         Harm     .   (no gloves)
MR       .....                  (no boots)
Stlth    +.........             g - +6 amulet of reflection
HPRegen  0.23/turn              F - +2 ring of evasion
MPRegen  0.10/turn              y - +2 ring of slaying

@: no status effects
A: retaliatory headbutt, horns 2
a: Berserk, Trog's Hand, Brothers in Arms, Renounce Religion


You were on level 8 of the Dungeon.
You worshipped Trog.
Trog was greatly pleased with you.
You were not hungry.

You visited 2 branches of the dungeon, and saw 9 of its levels.

You collected 440 gold pieces.
You spent 341 gold pieces at shops.

Inventory:

Hand Weapons
 a - a +0 hand axe (weapon)
 b - a +0 hunting sling
Missiles
 d - 90 arrows
 e - 249 stones (quivered)
 l - 62 bolts
 E - 9 poisoned needles
 O - 10 tomahawks
 U - 59 sling bullets
Armour
 I - a +0 pair of boots
 V - a +0 large shield (worn)
 W - a +2 animal skin (worn)
Jewellery
 f - an uncursed ring of protection from fire
 g - a +6 amulet of reflection (around neck)
 n - an uncursed amulet of the gourmand
 o - an uncursed ring of ice
 s - an uncursed ring of see invisible
 y - a +2 ring of slaying (right hand)
 F - a +2 ring of evasion (left hand)
 G - a +4 ring of strength
Wands
 P - a wand of paralysis (13)
Scrolls
 p - 3 scrolls of enchant weapon
 L - a scroll of immolation {!r}
 M - 3 scrolls of magic mapping {!r}
 N - a scroll of teleportation {unknown}
 T - 4 scrolls of remove curse
Potions
 h - 4 potions of heal wounds
 D - a potion of agility
 J - a potion of flight
 K - 2 potions of cancellation
 Q - 6 potions of curing
 R - a potion of degeneration {unknown}
 S - 5 potions of lignification {!q}
 X - 2 potions of haste
 Y - a potion of might
 Z - 2 potions of brilliance
Comestibles
 c - 14 rations


   Skills:
 * Level 11.5 Fighting
 + Level 8.7 Axes
 - Level 2.4 Armour
 - Level 2.1 Dodging


You had 7 spell levels left.
You didn't know any spells.
Your spell library contained the following spells:

 Spells                   Type           Power        Failure   Level  Hunger
 Corona                   Hex            #......      100%        1    ##.....
 Ensorcelled Hibernation  Hex/Ice        #.....       100%        2    ###....
 Confuse                  Hex            #.......     100%        3    ####...
 Dazzling Spray           Conj/Hex       #.....       100%        3    ####...
 Tukima's Dance           Hex            #.......     100%        3    ####...


Dungeon Overview and Level Annotations

Branches:
Dungeon (8/15)             Temple (1/1) D:7
   Lair: D:8-11

Altars:
Ashenzari
Fedhas
Hepliaklqana
Makhleb
Nemelex Xobeh
Okawaru
Vehumet

Shops:
D:4 (   D:5 =


Innate Abilities, Weirdness & Mutations

You reflexively headbutt those who attack you in melee.
You have a pair of horns on your head.


Message History

You hit something but do no damage. Your headbutt misses something.
You hear the hiss of a distant avalanche of sand.
You block something's attack. Something bites you.
Something draws strength from your injuries!
You hit something. You headbutt something. Something hits you!
Something bites you.
* * * LOW HITPOINT WARNING * * *
Something draws strength from your injuries!
You block something's attack. Something bites you but does no damage.
You hit something. Something hits you.
* * * LOW HITPOINT WARNING * * *
Something bites you but does no damage.
You hit something but do no damage. You hit something.
Your headbutt misses something. Something hits you.
* * * LOW HITPOINT WARNING * * *
Something bites you!
* * * LOW HITPOINT WARNING * * *
Something draws strength from your injuries!
You block something's attack. Something bites you!
You die...

**,,,,,,,,****,,,* *,* *,**,**,*
,,,,,,,...,,,,,*,###.# *,**,**,*
**,,,,....##,,,,,,.#.# *,**,**,*
*,,,,..o...,,**,,.#.#**,**,**,*
****,,*#).o.*****,,...,,,,,,,,,*
,,,,,**#.o#.## ***..#*,*,,,****
,,,,,,,*.....# *#.#*,*,***
,,****,*,#.#.#######.#..*,*
,,**##.#.#......@{...#.#..#######
,,,,.........#######.#.#.##......
,,,,.........#** #.#.#.##......
,***.....##.(..* #.#.#.##......
,***.###,,.....#** #.....##......
,**,,* **##......###.....##......
,,,,** ##.............##......
,**** ####...#.............[ ,*
#..........##....[<


There were no monsters in sight!

Vanquished Creatures
  A hippogriff (D:7)
  An orc warrior (D:8)
  2 sky beasts
  An ice beast (D:5)
  A necrophage (D:7)
  An ogre (D:4)
  A centaur (D:5)
  A bullfrog (D:6)
  A water moccasin skeleton (D:5)
  4 crimson imps
  A quasit (D:6)
  A jelly (D:7)
  5 orc priests
  A hound (D:5)
  An orc wizard (D:8)
  A bullfrog skeleton (D:5)
  An iguana (D:4)
  5 worker ants
  Robin (D:2)
  7 gnolls
  14 adders
  An ooze (D:4)
  2 adder zombies
  2 worms
  2 dart slugs
  5 leopard geckos
  13 orcs
  8 giant cockroaches
  9 goblins
  7 hobgoblins
  4 jackals (D:4)
  5 quokkas
  A ball python skeleton (D:4)
  5 bats
  4 frilled lizards
  A jackal skeleton (D:5)
  7 kobolds
  A leopard gecko skeleton (D:4)
  A quokka skeleton (D:5)
  4 rats
134 creatures vanquished.

Vanquished Creatures (others)
  An orc (D:8)
1 creature vanquished.

Grand Total: 135 creatures vanquished

Notes
Turn   | Place    | Note
-------+----------+-------------------------------------------
     0 | D:1      | Larett the Minotaur Berserker began the quest for the Orb.
     0 | D:1      | Reached XP level 1. HP: 19/19 MP: 0/0
   281 | D:1      | Reached skill level 4 in Fighting
   499 | D:1      | Reached XP level 2. HP: 27/27 MP: 1/1
   798 | D:2      | Reached XP level 3. HP: 31/35 MP: 2/2
   889 | D:2      | Noticed Robin
   918 | D:2      | Reached skill level 5 in Fighting
   930 | D:2      | Killed Robin
   930 | D:2      | Reached XP level 4. HP: 37/42 MP: 3/3
  1132 | D:2      | Reached ** piety under Trog
  1811 | D:3      | Reached skill level 6 in Fighting
  1936 | D:3      | Reached XP level 5. HP: 45/50 MP: 4/4
  2405 | D:4      | Found Aschosk's Weapon Boutique.
  2520 | D:4      | Reached skill level 7 in Fighting
  2520 | D:4      | Reached XP level 6. HP: 24/60 MP: 5/5
  2879 | D:4      | Reached *** piety under Trog
  3080 | D:4      | HP: 1/90 [gnoll/halberd (15)]
  3488 | D:4      | Reached skill level 6 in Axes
  3733 | D:4      | Reached skill level 8 in Fighting
  3733 | D:4      | Reached XP level 7. HP: 41/68 MP: 6/6
  3984 | D:5      | Entered Level 5 of the Dungeon
  4079 | D:5      | Found a sparkling altar of Nemelex Xobeh.
  4079 | D:5      | Found a transporter.
  4343 | D:5      | Reached skill level 9 in Fighting
  4346 | D:5      | Found Zeopto's Jewellery Shop.
  4355 | D:5      | Found an iron altar of Okawaru.
  4366 | D:5      | Found a shattered altar of Ashenzari.
  4866 | D:5      | Found a hazy altar of Hepliaklqana.
  5179 | D:5      | Reached XP level 8. HP: 42/79 MP: 7/7
  5610 | D:6      | Reached skill level 10 in Fighting
  5920 | D:6      | Found a blossoming altar of Fedhas.
  6397 | D:7      | Found a radiant altar of Vehumet.
  6397 | D:7      | Found a burning altar of Makhleb.
  6597 | D:5      | Bought a +2 ring of evasion for 110 gold pieces
  6597 | D:5      | Bought a +2 ring of slaying for 231 gold pieces
  6757 | D:7      | Found a staircase to the Ecumenical Temple.
  6763 | Temple   | Entered the Ecumenical Temple
  6945 | D:7      | Noticed a hippogriff
  6956 | D:7      | Killed a hippogriff
  6956 | D:7      | Reached skill level 11 in Fighting
  7339 | D:8      | Got a pitted ring mail
  7368 | D:7      | Identified the +1 ring mail of Spite {Str+2 Int-4 Dex+4}
                  | (You found it on level 8 of the Dungeon)
  7368 | D:7      | Lost intelligence.
  7575 | D:8      | Reached **** piety under Trog
  7588 | D:8      | HP: 4/81 [something (9)]
  7588 | D:8      | Mangled by a vampire

Skill      XL: |  1  2  3  4  5  6  7  8 |
---------------+-------------------------+-----
Fighting       | 4 5 6 7 8 9 11 | 11.5
Axes           | 4 5 6 7 8 |  8.7
Armour         | |  2.4
Dodging        | |  2.1

Action                   |  1- 3 |  4- 6 |  7- 9 || total
-------------------------+-------+-------+-------++-------
Melee: Hand axe          |    63 |   157 |   173 ||   393
       Headbutt          |     8 |    31 |    34 ||    73
 Fire: Hunting sling     |       |    59 |     6 ||    65
Invok: Berserk           |     1 |     1 |       ||     2
       Trog's Hand       |       |     1 |       ||     1
  Use: Scroll            |     3 |     5 |    11 ||    19
  Eat: Chunk             |       |    11 |     3 ||    14
       Ration            |       |       |     3 ||     3
Armor: Ring mail         |    17 |     2 |       ||    19
       Animal skin       |       |    25 |    38 ||    63
Dodge: Dodged            |    21 |    27 |    33 ||    81
Block: Other             |    11 |       |       ||    11
       Large shield      |    29 |   159 |   157 ||   345
       Reflection        |     1 |     1 |     4 ||     6
